AoeStats
← HAKUNA MATATA

Arena

505005140Analyzed
4v4 RM · 25d ago on Sep 7, 2026· 40m 37s· 8 players
Game mode
Random Map
Map size
Large (8 player)
Population
200
Speed
Normal
Resources
Standard
Victory
Conquest
Starting age
Dark Age
Ending age
Imperial Age
RankedLock teamsTeams togetherTeam positionsShared explorationLock speedFull tech treeHidden civsTurbo modeCheats
Victory
Defeat
1488
+15
🇪🇸 Hindustanis · Spain
1383
+19
🇻🇳 Britons · Vietnam
1357
+20
🇻🇳 Bohemians · Vietnam
1353
+20
🇭🇰 Bohemians · Hong Kong SAR China
1565
-22
🇨🇳 Georgians · China
1456
-19
🇻🇳 Koreans · Vietnam
1416
-17
🇹🇷 Khmer · Türkiye
1380
-16
Chut Pro
2:32 Loom
11:12 Feudal Age
15:12 Castle Age
13:38 Double-Bit Axe
13:59 Horse Collar
16:19 Wheelbarrow
30:00 Imperial Age
28:11 Hand Cart
27:50 Gold Mining
28:19 Bow Saw
28:52 Fletching
30:17 Ballistics
30:06 Bodkin Arrow
31:04 Conscription
33:29 Bracer
33:38 Pikeman
34:51 Scale Mail Armor
35:02 Forging
35:08 Pikeman
LagiPup
11:38 Feudal Age
15:19 Castle Age
13:46 Horse Collar
14:27 Double-Bit Axe
17:20 Fervor
18:19 Wheelbarrow
22:49 Bow Saw
26:49 Imperial Age
24:20 Loom
24:59 Heavy Plow
26:37 Chemistry
25:58 Ballistics
25:47 Town Watch
26:03 Fletching
27:14 Hand Cart
27:50 Elite Hussite Wagon
30:27 Town Patrol
31:41 Wagenburg Tactics
31:47 Bodkin Arrow
31:58 Siege Engineers
33:10 Houfnice
34:50 Scale Mail Armor
35:01 Forging
34:51 Bracer
34:43 Pikeman
35:23 Squires
35:09 Arson
35:29 Halberdier
38:22 Chain Mail Armor
38:43 Iron Casting
41:04 Plate Mail Armor
HAKUNA MATATA
10:32 Feudal Age
13:48 Castle Age
11:53 Horse Collar
14:59 Double-Bit Axe
15:16 Heavy Plow
18:57 Bow Saw
29:18 Imperial Age
26:33 Loom
28:03 Gold Mining
28:04 Stone Mining
28:03 Town Watch
28:59 Wheelbarrow
29:45 Ballistics
29:22 Heavy Scorpion
29:52 Elite Ballista Elephant
32:12 Chemistry
31:31 Hand Cart
31:16 Town Patrol
32:07 Conscription
31:55 Double Crossbow
34:12 Conscription
37:51 Pikeman
38:16 Arson
38:34 Scale Mail Armor
38:44 Forging
38:32 Halberdier
39:36 Chain Mail Armor
逝
8:58 Feudal Age
14:46 Castle Age
12:57 Double-Bit Axe
13:07 Horse Collar
17:35 Bow Saw
20:22 Wheelbarrow
23:11 Gold Mining
23:15 Stone Mining
26:00 Hand Cart
25:31 Town Watch
26:26 Stone Shaft Mining
26:12 Heavy Plow
26:47 Loom
30:00 Imperial Age
27:32 Fletching
27:45 Scale Mail Armor
27:58 Treadmill Crane
28:10 Guard Tower
29:27 Ballistics
29:05 Bodkin Arrow
29:26 Chain Mail Armor
29:22 Forging
29:41 Masonry
30:08 Svan Towers
29:53 Man-at-Arms
30:19 Gambesons
30:35 Squires
30:39 Long Swordsman
31:31 Bracer
32:01 Plate Mail Armor
31:23 Two-Handed Swordsman
32:46 Keep
31:57 Arrowslits
32:46 Plate Mail Armor
32:51 Iron Casting
32:46 Plate Mail Armor
32:51 Iron Casting
32:50 Champion
34:21 Conscription
34:22 Fortified Wall
34:42 Pikeman
35:07 Arson
36:31 Hoardings
38:01 Architecture
38:31 Chemistry
37:37 Siege Engineers
38:01 Elite Skirmisher
39:07 Parthian Tactics
39:49 Blast Furnace
38:49 Padded Archer Armor
38:55 Scale Barding Armor
39:40 Elite Monaspa
40:40 Leather Archer Armor
40:46 Chain Barding Armor
口古口古嘎嘎
3:31 Double-Bit Axe
7:26 Horse Collar
12:00 Feudal Age
13:17 Bow Saw
15:47 Castle Age
14:13 Heavy Plow
14:57 Gold Mining
17:53 Two-Man Saw
20:37 Wheelbarrow
22:02 Gold Shaft Mining
22:56 Hand Cart
22:45 Loom
27:24 Imperial Age
25:11 Scale Mail Armor
25:30 Treadmill Crane
26:22 Squires
26:07 Arson
26:40 Chain Mail Armor
26:36 Forging
27:29 Capped Ram
28:52 Plate Mail Armor
28:57 Iron Casting
29:30 Chemistry
34:08 Town Watch
36:29 Blast Furnace
35:30 Padded Archer Armor
35:43 Masonry
39:58 Pikeman
VaultBoy
10:45 Feudal Age
15:01 Castle Age
13:17 Double-Bit Axe
13:52 Horse Collar
16:18 Bow Saw
16:32 Heavy Plow
19:44 Loom
21:08 Wheelbarrow
24:00 Gold Mining
24:00 Stone Mining
24:30 Hand Cart
25:21 Forging
27:40 Gold Shaft Mining
27:45 Iron Casting
27:17 Scale Barding Armor
30:37 Imperial Age
28:22 Bloodlines
28:13 Husbandry
29:39 Squires
30:01 Chain Barding Armor
32:18 Blast Furnace
30:41 Heavy Camel Rider
33:04 Plate Barding Armor
32:29 Imperial Camel Rider
35:41 Conscription
34:45 Light Cavalry
36:43 Chemistry
36:33 Hussar
38:59 Shatagni
39:37 Padded Archer Armor
Firelord
9:40 Feudal Age
16:05 Castle Age
14:45 Double-Bit Axe
14:42 Horse Collar
17:05 Bow Saw
16:58 Heavy Plow
17:51 Fervor
20:54 Loom
27:41 Imperial Age
26:16 Wheelbarrow
27:22 Chemistry
26:12 Treadmill Crane
27:22 Hand Cart
29:47 Siege Engineers
29:54 Wagenburg Tactics
31:04 Houfnice
33:24 Fortified Wall
33:35 Ballistics
33:13 Fletching
34:23 Conscription
33:40 Houfnice
35:52 Bodkin Arrow
38:40 Elite Skirmisher
39:22 Padded Archer Armor
gianghodd01
10:47 Feudal Age
11:57 Double-Bit Axe
15:51 Castle Age
13:42 Horse Collar
16:09 Wheelbarrow
18:17 Bow Saw
22:06 Loom
22:47 Hand Cart
24:10 Town Watch
28:50 Imperial Age
26:44 Masonry
26:32 Pikeman
27:29 Gold Mining
28:03 Squires
28:17 Stone Mining
29:04 Gold Shaft Mining
29:22 Fletching
30:07 Yeomen
33:01 Conscription
32:40 Bodkin Arrow
33:48 Chemistry
33:09 Ballistics
34:11 Bracer
34:03 Halberdier
34:16 Halberdier
35:12 Padded Archer Armor
35:15 Scale Mail Armor
35:55 Hoardings
35:48 Forging
35:51 Warwolf
38:16 Elite Longbowman
38:27 Sappers
39:09 Padded Archer Armor
39:45 Iron Casting
Connection lost

Rejoining the realm…

Still unreachable

The connection could not be restored.

Session expired

The server has moved on; the page needs a fresh start.